 Dungeon Crawl Stone Soup version 0.29-a0-82-g837932c90e (webtiles) character file.

Game seed: 11600535930623770399

4426 lordive the Thaumaturge (level 10, 0/66 HPs)
             Began as a Mummy Conjurer on Feb 4, 2022.
             Was a Follower of Ashenzari.
             Killed from afar by a manticore (8 damage)
             ... with a volley of spikes
             ... on level 8 of the Dungeon.
             The game lasted 00:18:25 (9791 turns).

lordive the Thaumaturge (Mummy Conjurer)            Turns: 9791, Time: 00:18:26

Health: 0/66       AC:  1    Str: 11    XL:     10   Next: 14%
Magic:  13/24      EV: 12    Int: 22    God:    Ashenzari [*.....]
Gold:   409        SH:  0    Dex: 10    Spells: 24/30 levels left

rFire   + . .      SeeInvis .   c - staff of conjuration (curse) {Evo, Alch}
rCold   + + .      Faith    .   (no shield)
rNeg    + + +      Spirit   .   t - +2 robe of Xyofieg {+Inv}
rPois   ∞          Reflect  .   r - +0 helmet
rElec   .          Harm     .   n - scarf of Ashenzari's Augurer {rC+ rF+, Melee, Range} (curse)
rCorr   .          Rampage  .   (no gloves)
Will    +....                   (no boots)
Stlth   ++........              (no amulet)
HPRegen 0.21/turn               a - ring of wizardry
MPRegen 0.19/turn               s - ring of protection from fire

@: about to teleport, spiked, corroded
A: cold resistance 1, negative energy resistance 3, torment resistance 2, heat
vulnerability 1, no potions
a: Renounce Religion, Evoke Invisibility, Shatter the Chains


You were on level 8 of the Dungeon.
You worshipped Ashenzari.
Ashenzari was aware of your devotion.
You visited 2 branches of the dungeon, and saw 9 of its levels.

You collected 409 gold pieces.

Inventory:

Missiles
 f - 3 poisoned darts
Armour
 g - a +0 leather armour
 i - a +2 cloak
 n - the cursed scarf of Ashenzari's Augurer (worn) {rC+ rF+, Melee, Range}
   (You found it on level 4 of the Dungeon)

   It has a curse which improves the following skills: Melee Combat: Short
   Blades, Long Blades, Axes, Maces & Flails, Polearms, Staves and Unarmed
   Combat.
   Ranged Combat: Slings, Bows, Crossbows and Throwing.
 r - a +0 helmet (worn)
 t - the +2 robe of Xyofieg (worn) {+Inv}
   (You found it on level 6 of the Dungeon)

   +Inv:      It lets you turn invisible.
Magical Staves
 c - a cursed staff of conjuration (weapon) {Evo, Alch}
 o - a staff of air
 v - a staff of fire
 x - a staff of death
Jewellery
 a - a ring of wizardry (left hand)
 m - a ring of resist corrosion
 s - a ring of protection from fire (right hand)
 w - a ring of wizardry
Wands
 l - a wand of acid (7)
 p - a wand of polymorph (23)
 q - a wand of mindburst (12)
Scrolls
 b - 2 scrolls of amnesia
 d - 6 scrolls of teleportation
 e - 2 scrolls of immolation
 h - 8 scrolls of identify
 j - a scroll of torment
 k - a scroll of enchant weapon
 u - a scroll of fog


   Skills:
 + Level 1.4 Fighting
 * Level 1.7 Armour
 * Level 2.9 Dodging
 + Level 4.4 Stealth
 * Level 1.6 Shields
 + Level 10.8 Spellcasting
 + Level 8.1 Conjurations
 * Level 3.5 Necromancy
 + Level 0.2 Air Magic
 + Level 0.1(0.2) Poison Magic
 * Level 1.4(2.0) Evocations


You had 24 spell levels left.
You knew the following spells:

 Your Spells              Type           Power      Damage    Failure   Level
a - Magic Dart            Conj           100%       1d8       1%          1
b - Searing Ray           Conj           100%       2d8       1%          2
c - Mephitic Cloud        Conj/Pois/Air  36%        N/A       1%          3

Your spell library contained the following spells:

 Spells                   Type           Power      Damage    Failure   Level
 Corpse Rot               Necr/Air       40%        N/A       1%          2
 Dazzling Flash           Conj/Hex       88%        N/A       1%          3
 Summon Small Mammal      Summ           44%        N/A       2%          1
 Ensorcelled Hibernation  Hex/Ice        22%        N/A       3%          2
 Fulminant Prism          Conj/Hex       22%        3d13      4%          4
 Iskenderun's Mystic Bla  Conj/Tloc      44%        2d10      4%          4
 Animate Dead             Necr           13%        N/A       5%          4
 Dispel Undead            Necr           27%        3d13      5%          4
 Ignite Poison            Fire/Tmut/Pois 12%        N/A       6%          3
 Call Canine Familiar     Summ           11%        N/A       7%          3
 Confusing Touch          Hex            11%        N/A       7%          3
 Portal Projectile        Hex/Tloc       22%        N/A       7%          3
 Summon Guardian Golem    Hex/Summ       11%        N/A       7%          3
 Anguish                  Hex/Necr       9%         N/A       11%         4
 Freezing Cloud           Conj/Ice/Air   18%        6-21      19%         5
 Leda's Liquefaction      Hex/Erth       5%         N/A       22%         4
 Yara's Violent Unravell  Hex/Tmut       6%         3d5       50%         5
 Death Channel            Necr           13%        N/A       58%         6
 Enfeeble                 Hex            5%         N/A       100%        7
 Haunt                    Necr/Summ      9%         N/A       100%        7
 Infestation              Necr           13%        N/A       100%        8
 Spider Form              Tmut/Pois      Unusable   N/A       N/A         3

Dungeon Overview and Level Annotations

Branches:
Dungeon (8/15)             Temple (1/1) D:5
   Lair: D:8-11

Altars:
Ashenzari
Cheibriados
Dithmenos
Elyvilon
Fedhas
Gozag
Hepliaklqana
Kikubaaqudgha
Makhleb
Nemelex Xobeh
Okawaru
Qazlal
Ru
Sif Muna
Trog
Uskayaw
Vehumet
Wu Jian
Xom
Yredelemnul
Zin
The Shining One

Shops:
D:3 :   D:7 [

Portals:
Abyss: D:4

Annotations:
D:4 2 transporters, belegose's ghost, novice DsCA


Innate Abilities, Weirdness & Mutations

You are immune to poison.
Your flesh is cold resistant. (rC+)
You are immune to negative energy. (rN+++)
You are immune to unholy pain and torment.
You are vulnerable to heat. (rF-)
You do not drink.


Message History

The acid dragon is heavily wounded.
A manticore comes into view.
The searing ray hits the acid dragon.
The acid dragon is severely wounded.
You finish channelling your searing ray.
The acid dragon bites you! The acid dragon claws you.
Casting: Searing Ray (safe; 1% risk of failure)
Confirm with . or Enter, or press ? or * to list all spells.
Aiming: Searing Ray (safe; 1% risk of failure)
Press: ? - help, Shift-Dir - straight line, f/p - acid dragon
Aim: an acid dragon (severely wounded, 83% to hit)
You feel a surge of power!
The searing ray hits the acid dragon.
The acid dragon is severely wounded. (Press . to maintain the ray.)
The acid dragon spits acid at you. The splash of acid hits you!!
An orc wizard comes into view. It is wielding a +0 trident.
The searing ray hits the acid dragon.
The acid dragon is almost dead.
The searing ray hits the manticore!
The manticore is lightly wounded.
The acid dragon misses you. The acid dragon claws you.
The orc wizard closely misses you.
The searing ray hits the acid dragon!
You kill the acid dragon!
The searing ray hits the manticore.
The manticore is lightly wounded.
The manticore flicks its tail.
The volley of spikes hits you!
The barbed spikes become lodged in your body.
* * * LOW HITPOINT WARNING * * *
The orc wizard barely misses you.
Unknown command.
Unknown command.
As you read the scroll of teleportation, it crumbles to dust.
You feel strangely unstable.
The manticore flicks its tail.
The volley of spikes hits you!
The barbed spikes become lodged in your body.
You die...

#......#.##.#
#..#.#.#.#.#
#......#..######.#
##.#...#.........#
#.#...#####.#####
#.###...........# #..
...##.......# #.#
#...>....# # ##.#
##....<#@##.#.# ...#
##...##..o[.#
...########...##.##.#.#
#.#.......#...##H# #
#.#..............#
......##.###.###.#
..#.#....# #..>..#
##.....#.###.###....
##..#.##.....# .....


You could see a manticore and an orc wizard.

Vanquished Creatures
  A two-headed ogre (D:8)
  A troll (D:8)
  Sigmund (D:5)
  A basilisk (D:8)
  A wraith (D:8)
  An acid dragon (D:8)
  3 water moccasins
  3 ice beasts
  An orc warrior (D:8)
  A black bear (D:5)
  A necrophage (D:7)
  4 ogres
  5 centaurs
  A gnoll sergeant (D:5)
  3 bullfrogs
  3 scorpions
  4 howler monkeys
  A centaur zombie (D:7)
  2 jellies
  A bullfrog skeleton (D:6)
  A centaur skeleton (D:5)
  4 orc priests
  5 hounds
  4 iguanas
  5 orc wizards
  A hound skeleton (D:5)
  3 howler monkey zombies (D:8)
  7 adders
  8 gnolls (D:5)
  A shadow imp (D:6)
  A worm (D:5)
  2 dart slugs
  11 orcs
  7 bats
  3 endoplasms
  A giant cockroach (D:2)
  18 goblins
  5 hobgoblins
  2 jackals (D:1)
  4 quokkas
  3 ball pythons
  A frilled lizard (D:3)
  4 kobolds
  4 rats
144 creatures vanquished.

Vanquished Creatures (others)
  A plant (D:5)
1 creature vanquished.

Grand Total: 145 creatures vanquished

Notes
Turn   | Place    | Note
-------+----------+-------------------------------------------
     0 | D:1      | lordive the Mummy Conjurer began the quest for the Orb.
     0 | D:1      | Reached XP level 1. HP: 13/13 MP: 4/4
   257 | D:1      | Reached XP level 2. HP: 19/19 MP: 0/5
   260 | D:1      | Learned a level 2 spell: Searing Ray
  1123 | D:1      | Reached skill level 3 in Spellcasting
  1196 | D:1      | Found a faded altar of an unknown god.
  1346 | D:2      | Reached XP level 3. HP: 24/24 MP: 5/7
  2207 | D:2      | Reached XP level 4. HP: 26/30 MP: 3/8
  2900 | D:3      | Found a faded altar of an unknown god.
  2905 | D:3      | Found a snail-covered altar of Cheibriados.
  3072 | D:3      | Noticed a scorpion
  3078 | D:3      | Killed a scorpion
  3079 | D:3      | Reached skill level 4 in Spellcasting
  3079 | D:3      | Reached XP level 5. HP: 35/35 MP: 4/11
  3150 | D:3      | Found Zetoruur's Book Shoppe.
  3990 | D:4      | Reached XP level 6. HP: 41/41 MP: 5/12
  4092 | D:4      | Found a transporter.
  4096 | D:4      | Noticed belegose's ghost (novice DsCA)
  4098 | D:4      | Reached skill level 5 in Conjurations
  4099 | D:4      | Noticed a small abomination
  4132 | D:4      | Found a one-way gate to the infinite horrors of the Abyss.
  4136 | D:4      | Found a transporter.
  4351 | D:4      | Noticed an ancient zyme
  4366 | D:4      | Reached skill level 5 in Spellcasting
  4680 | D:4      | Reached XP level 7. HP: 46/46 MP: 8/15
  4870 | D:5      | Entered Level 5 of the Dungeon
  4919 | D:5      | Reached skill level 6 in Spellcasting
  5010 | D:5      | Noticed Sigmund
  5243 | D:5      | Killed Sigmund
  5244 | D:5      | Reached skill level 7 in Spellcasting
  5354 | D:5      | Reached XP level 8. HP: 46/52 MP: 9/19
  5567 | D:5      | Reached skill level 8 in Spellcasting
  5849 | D:5      | Found a staircase to the Ecumenical Temple.
  5879 | Temple   | Entered the Ecumenical Temple
  6263 | Temple   | Became a worshipper of Ashenzari the Shackled
  6790 | D:6      | Reached skill level 9 in Spellcasting
  6794 | D:6      | Learned a level 3 spell: Mephitic Cloud
  6859 | D:6      | Reached skill level 1 in Fighting
  7335 | D:6      | Identified the +2 robe of Xyofieg {+Inv}
  7395 | D:6      | Reached XP level 9. HP: 59/59 MP: 14/22
  7506 | D:6      | Reached skill level 1 in Necromancy
  8453 | D:7      | Found Thor's Dragon-Slaying Spoils.
  8463 | D:7      | Reached skill level 10 in Spellcasting
  8961 | D:8      | Noticed a two-headed ogre
  8971 | D:8      | Noticed a troll
  8973 | D:8      | Killed a troll
  9173 | D:8      | Killed a two-headed ogre
  9174 | D:8      | Reached skill level 1 in Armour
  9174 | D:8      | Reached skill level 1 in Shields
  9174 | D:8      | Reached skill level 1 in Evocations
  9381 | D:8      | Reached XP level 10. HP: 66/66 MP: 8/24
  9503 | D:8      | Reached * piety under Ashenzari
  9786 | D:8      | Noticed a manticore
  9791 | D:8      | Killed from afar by a manticore

Illustrated notes

Levels and vault maps discovered:
D:1:      eino_arrival_cavern_d, layout_basic,
          shapermc_ecumenical_altar_acropolis
D:2:      layout_rooms
D:3:      layout_loops_corners, nicolae_overflow_ecumenical_swirl, serial_shops,
          nicolae_shop_advertising_works [nicolae_subvault_shop_adworks],
          mrwooster_statue_mirror
D:4:      layout_loops_cross, gammafunk_ghost_abyssal_escape
D:5:      layout_rooms, minmay_temple_entry_gardened_gates,
          minmay_ogre_servants, uniq_sigmund
D:6:      layout_rooms, minmay_misc_feat_doors
D:7:      layout_basic, nicolae_shop_dragon_depot
D:8:      minmay_the_grid_plus [minmay_the_grid_holed_spiral,
          minmay_the_grid_embedded, minmay_the_grid_box_x,
          minmay_the_grid_odd_star, minmay_the_grid_prize_four_corners],
          layout_loops_cross, serial_shops, shop, minmay_misc_feat_enclosed
Temple:   mainiacjoe_temple_archimedes_tessellation

Skill      XL: |  1  2  3  4  5  6  7  8  9 |
---------------+----------------------------+-----
Spellcasting   | 3 4 5 7 9 10 | 10.8
Conjurations   | 4 5 6 7 8 |  8.1
Stealth        | 2 3 4 |  4.4
Dodging        | 2 |  2.9
Fighting       | 1 |  1.4
Necromancy     | 3 |  3.5
Armour         | 1 |  1.7
Shields        | 1 |  1.6
Evocations     | 1 |  1.4
Air Magic      | |  0.2
Poison Magic   | |  0.1

Action                   |  1- 3 |  4- 6 |  7- 9 | 10-12 || total
-------------------------+-------+-------+-------+-------++-------
 Cast: Magic Dart        |    61 |    56 |    89 |    14 ||   220
       Searing Ray       |     3 |    17 |    53 |    10 ||    83
       Mephitic Cloud    |       |       |     8 |     2 ||    10
Invok: Curse Item        |       |       |     1 |     1 ||     2
  Use: Scroll            |       |       |       |     1 ||     1
Armor: Robe              |     1 |     2 |    14 |     3 ||    20
Dodge: Dodged            |    10 |     3 |    31 |     9 ||    53

Table legend: (Time is in decaauts)
 A = Elapsed time spent in this place.
 B = Non-inter-level travel time spent in this place.
 C = Inter-level travel time spent in this place.
 D = Time resting spent in this place.
 E = Time spent auto-exploring this place.
 F = Levels seen in this place.
 G = Mean time per level.
                   A        B        C        D        E       F      G
               +--------+--------+--------+--------+--------+-----+--------+
         Total |   9793 |   9338 |    455 |    866 |   7276 |   9 | 1088.1 |
       Dungeon |   9389 |   9091 |    298 |    866 |   7050 |   8 | 1173.6 |
        Temple |    404 |    247 |    157 |      0 |    226 |   1 |  404.0 |
               +--------+--------+--------+--------+--------+-----+--------+

Top non-repeatable levels by time:
     D:1: 1469 daAuts
     D:5: 1386 daAuts
     D:4: 1366 daAuts
     D:6: 1127 daAuts
     D:3: 1086 daAuts
     D:2: 1068 daAuts
     D:7: 965 daAuts
     D:8: 917 daAuts
  Temple: 404 daAuts
